 Dungeon Crawl Stone Soup version 0.27-a0-887-gcab673c142 (webtiles) character file.

Game seed: 6717214762063038117

4977 Papr the Transmogrifier (level 10, -6/114 HPs)
             Began as a Demigod Transmuter on Apr 4, 2021.
             Mangled by a hornet (10 damage)
             ... on level 9 of the Dungeon.
             The game lasted 00:22:17 (13433 turns).

Papr the Transmogrifier (Demigod Transmuter)       Turns: 13433, Time: 00:22:17

Health: -6/114     AC:  8    Str: 11    XL:     10   Next: 8%
Magic:  18/18      EV:  9    Int: 27    God:
Gold:   394        SH:  5    Dex: 14    Spells: 2/15 levels left

rFire    . . .     SeeInvis +     - Unarmed
rCold    . . .     Faith    .   (shield currently unavailable)
rNeg     . . .     Spirit   .   (armour currently unavailable)
rPois    +         Reflect  +   (helmet currently unavailable)
rElec    .         Harm     .   (cloak currently unavailable)
rCorr    .         Rampage  .   (gloves currently unavailable)
Will     ++...                  (boots currently unavailable)
Stlth    +.........             f - amulet of reflection
HPRegen  0.29/turn              p - ring of willpower
MPRegen  0.16/turn              l - ring of see invisible

@: hydra-form (expiring)
A: fast swimmer, devour, amphibious, boosted hp, very large, high mp 1, forlorn
a: End Transformation


You were on level 9 of the Dungeon.
You were a five-headed hydra.
You visited 1 branch of the dungeon, and saw 9 of its levels.

You collected 394 gold pieces.

Inventory:

Hand Weapons
 i - a +1 dagger of holy wrath
 w - a +2 whip of electrocution (melded)
Missiles
 c - 37 poisoned darts
 m - 9 boomerangs
 G - a curare-tipped dart
 H - 6 atropa-tipped darts
Armour
 a - a +0 robe (melded)
 n - a +0 cloak (melded)
 u - a +1 ring mail of poison resistance
 v - a +1 leather armour of cold resistance
 L - a +1 robe of positive energy
 N - a +1 helmet (melded)
Jewellery
 f - an amulet of reflection (around neck)
 l - a ring of see invisible (right foreclaw)
 p - a ring of willpower (left foreclaw)
 x - an amulet of the acrobat
 A - a ring of protection from cold
 J - a +4 ring of slaying
 M - a ring of protection from cold
Wands
 q - a wand of flame (20)
 t - a wand of polymorph (16)
 y - a wand of digging (5)
Scrolls
 b - 8 scrolls of identify {unknown}
 e - 4 scrolls of amnesia {unknown}
 g - a scroll of enchant armour {unknown}
 h - a scroll of acquirement {unknown}
 k - 4 scrolls of immolation {unknown}
 o - a scroll of blinking {unknown}
 B - a scroll of enchant weapon {unknown}
 C - 2 scrolls of magic mapping {unknown}
 D - a scroll of noise {unknown}
 E - a scroll of teleportation {unknown}
 F - 3 scrolls of fog {unknown}
Potions
 d - 3 potions of haste
 j - 2 potions of curing
 r - 4 potions of brilliance {unknown}
 s - 3 potions of mutation {unknown}
 z - a potion of lignification {unknown}
 I - a potion of heal wounds {unknown}
 K - a potion of might {unknown}


   Skills:
 + Level 7.8 Fighting
 + Level 5.1 Dodging
 + Level 5.1 Unarmed Combat
 + Level 3.1 Spellcasting
 - Level 8.0 Transmutations
 - Level 4.4 Earth Magic


You had 2 spell levels left.
You knew the following spells:

 Your Spells              Type           Power      Damage    Failure   Level
a - Beastly Appendage     Tmut           94%        N/A       1%          1
b - Spider Form           Tmut/Pois      12%        N/A       4%          3
c - Hydra Form            Tmut           23%        N/A       9%          5
d - Petrify               Tmut/Erth      38%        N/A       7%          4

Your spell library contained the following spells:

 Spells                   Type           Power      Damage    Failure   Level
 Wereblood                Tmut           47%        N/A       1%          2
 Magic Dart               Conj           16%        1d3       9%          1
 Blink                    Tloc           N/A        N/A       13%         2
 Call Imp                 Summ           4%         N/A       13%         2
 Slow                     Hex            4%         N/A       13%         2
 Ice Form                 Ice/Tmut       25%        N/A       17%         4
 Confusing Touch          Hex            4%         N/A       26%         3
 Conjure Flame            Conj/Fire      4%         6-21      26%         3
 Gell's Gravitas          Tloc           2%         N/A       26%         3
 Mephitic Cloud           Conj/Pois/Air  4%         N/A       26%         3
 Yara's Violent Unravell  Hex/Tmut       12%        3d7       43%         5
 Metabolic Englaciation   Hex/Ice        2%         N/A       94%         5


Dungeon Overview and Level Annotations

Branches:
Dungeon (9/15)             Temple (0/1) D:4            Lair (0/6) D:8
    Orc: D:9-12

Shops:
D:3 ?


Innate Abilities, Weirdness & Mutations

You are a five-headed hydra.
You swim very quickly.
You can devour living enemies to heal.
You are amphibious.
Your maximum health is greatly increased.
Your armour is entirely melded.
You are incapable of wielding weapons or throwing items.
Your attributes grow dramatically as you level up.
You have an increased reservoir of magic. (+10% MP)
You shall have no god before yourself.


Message History

You nip at the orc.
The orc is moderately wounded.
The orc hits you but does no damage.
You bite the orc!
You devour the orc!
You feel better.
You kill the orc!
You bite the hornet!
The hornet is heavily wounded.
The hornet stings you.
You barely miss the hornet.
The hornet is heavily wounded.
The hornet stings you!
You completely miss the hornet.
The hornet is heavily wounded.
The hornet completely misses you. The hornet stings you.
You feel yourself slow down.
You barely miss the hornet.
The hornet is heavily wounded.
You feel yourself speed up. The hornet stings you!
You feel yourself slow down. The hornet stings you!
* * * LOW HITPOINT WARNING * * *
You bite the hornet!
The hornet is almost dead.
The hornet stings you!
* * * LOW HITPOINT WARNING * * *
You feel as though you will be slow longer.
The hornet stings you.
* * * LOW HITPOINT WARNING * * *
You nip at the hornet but do no damage.
The hornet is almost dead.
You block the hornet's attack. The hornet stings you!
* * * LOW HITPOINT WARNING * * *
You barely miss the hornet.
The hornet is almost dead.
Your transformation is almost over.
The hornet closely misses you. You block the hornet's attack.
You closely miss the hornet.
The hornet is almost dead.
You feel yourself speed up. The hornet stings you!
You die...

#. .....# #### ...
##.....## ###... ..#
#.....#..####..#..
..###......##....####.
#..........###.## #.
#..........##.# ##
#.).........#.# ##
##.#y#.#.......#####.
#..#...D....#...........
#.....#.#.#.#.........##
##...........#......##..
......#.#.#.............
####...[..)..)..#.......
.......##.##..##.......
#.^..........########..
#......#......# ...
###.......##.## ######


You could see a hornet.

Vanquished Creatures
  Pikel (D:5)
  An elephant (D:8)
  A troll (D:9)
  Prince Ribbit (D:5)
  A wyvern (D:8)
  3 water moccasins
  3 orc warriors (D:8)
  A sky beast (D:8)
  2 black bears (D:8)
  3 ice beasts
  3 ogres
  A necrophage (D:4)
  2 phantoms
  2 centaurs
  2 kobold brigands
  3 lemures (D:5)
  3 bullfrogs
  A wyvern zombie (D:9)
  3 scorpions
  6 killer bees (D:7)
  3 centaur zombies
  A gnoll shaman (D:6)
  4 orc priests
  3 hounds
  An iron imp (D:6)
  A scorpion zombie (D:5)
  Ijyb (D:5)
  4 iguanas
  3 orc wizards
  A hound skeleton (D:4)
  2 howler monkey zombies (D:8)
  13 adders
  7 gnolls
  2 shadow imps
  A white imp (D:6)
  An ufetubus (D:6)
  A worm (D:2)
  2 dart slugs
  23 orcs
  14 ball pythons
  3 endoplasms
  4 giant cockroaches
  4 goblins
  6 hobgoblins
  6 jackals
  16 kobolds
  7 quokkas
  10 bats
  6 frilled lizards
  5 rats
198 creatures vanquished.

Notes
Turn   | Place    | Note
-------+----------+-------------------------------------------
     0 | D:1      | Papr the Demigod Transmuter began the quest for the Orb.
     0 | D:1      | Reached XP level 1. HP: 15/15 MP: 5/5
   189 | D:1      | Reached skill level 2 in Transmutations
   273 | D:1      | Reached XP level 2. HP: 19/22 MP: 5/7
   873 | D:1      | Reached skill level 3 in Transmutations
   919 | D:1      | Reached XP level 3. HP: 10/27 MP: 6/8
   926 | D:1      | Learned a level 3 spell: Spider Form
  2392 | D:3      | Found Xufran's Magic Scroll Emporium.
  2451 | D:2      | Reached skill level 4 in Transmutations
  2451 | D:2      | Reached XP level 4. HP: 18/34 MP: 5/9
  3491 | D:3      | Reached XP level 5. HP: 11/39 MP: 7/10
  3709 | D:3      | Reached skill level 5 in Transmutations
  4132 | D:4      | Found a staircase to the Ecumenical Temple.
  4139 | D:4      | Noticed a necrophage
  4534 | D:4      | Killed a necrophage
  4915 | D:4      | Reached skill level 6 in Transmutations
  4925 | D:4      | Reached XP level 6. HP: 39/46 MP: 11/11
  4998 | D:4      | Learned a level 5 spell: Hydra Form
  5891 | D:5      | Entered Level 5 of the Dungeon
  5891 | D:5      | Noticed a water moccasin
  6048 | D:5      | Noticed Prince Ribbit
  6061 | D:5      | HP: 2/46 [Prince Ribbit (15)]
  6080 | D:5      | Noticed a profane servitor
  6526 | D:5      | Noticed Ijyb
  6547 | D:5      | Killed Ijyb
  6733 | D:5      | Reached skill level 7 in Transmutations
  6733 | D:5      | Reached skill level 1 in Fighting
  6741 | D:5      | Reached XP level 7. HP: 43/52 MP: 10/13
  6886 | D:5      | Killed Prince Ribbit
  7812 | D:5      | Noticed Pikel
  7861 | D:5      | Killed Pikel
  7862 | D:5      | Reached XP level 8. HP: 41/67 MP: 15/15
  8004 | D:5      | Noticed an angel
  8323 | D:5      | Reached skill level 5 in Fighting
  9867 | D:7      | Reached XP level 9. HP: 75/75 MP: 9/16
 10047 | D:7      | Learned a level 4 spell: Petrify
 10250 | D:7      | Reached skill level 5 in Dodging
 10250 | D:7      | Reached skill level 5 in Unarmed Combat
 10260 | D:7      | Reached skill level 1 in Earth Magic
 11399 | D:8      | Found a staircase to the Lair.
 11399 | D:8      | Noticed an elephant
 11425 | D:8      | Killed an elephant
 11603 | D:8      | Reached skill level 8 in Transmutations
 12679 | D:8      | Reached XP level 10. HP: 65/88 MP: 10/17
 12877 | D:9      | Noticed a four-headed hydra
 13431 | D:9      | HP: 3/114 [hornet (11)]
 13433 | D:9      | Mangled by a hornet

Illustrated notes

Levels and vault maps discovered:
D:1:      mrwooster_arrival_statue_2, layout_basic, basic_ecumenical_altar
D:2:      layout_loops_cross, basic_altar
D:3:      layout_rooms, lemuel_doored_altar, serial_shops,
          nicolae_shop_statue_plus
D:4:      layout_loops_corners, minmay_temple_entry_large_hall,
          minmay_snake_closets
D:5:      layout_loops_ring, grunt_temple_overflow_holy_war,
          grunt_temple_overflow_opulence, minmay_misc_feat_rugged,
          uniq_prince_ribbit1, uniq_pikel, uniq_ijyb
D:6:      layout_cave_pools, chei_slow_surprise, serial_column_ruins,
          column_ruins_square_medium, column_ruins_hut_ruined,
          column_ruins_grid_2, column_ruins_columns_straight,
          column_ruins_open_tiny_water, column_ruins_columns_corner,
          column_ruins_grid_3
D:7:      layout_basic
D:8:      layout_loops_ring, lemuel_round_altar, david_lair_generic
D:9:      layout_layer_cave, grunt_temple_overflow_open,
          serial_co_window_serial, co_window_paths_a, co_window_paths_b,
          co_window_paths_a, co_window_paths_a, co_window_corner_a,
          co_window_corner_b, co_window_2corner, co_window_cross_2,
          co_window_corner_cb, co_window_corner_ca, co_window_paths_d,
          glass_columns_c, glass_columns_b, glass_columns_c, glass_columns_a,
          serial_shops, kennysheep_mini_moat

Skill      XL: |  1  2  3  4  5  6  7  8  9 |
---------------+----------------------------+-----
Spellcasting   | 2 3 |  3.1
Transmutations | 2 3 4 6 7 8 |  8.0
Fighting       | 1 4 6 7 |  7.8
Dodging        | 2 4 5 |  5.1
Unarmed Combat | 4 5 |  5.1
Earth Magic    | 4 |  4.4

Action                   |  1- 3 |  4- 6 |  7- 9 | 10-12 || total
-------------------------+-------+-------+-------+-------++-------
Melee: Unarmed           |   145 |   173 |   344 |    30 ||   692
       Kick              |    32 |     5 |       |       ||    37
       Headbutt          |    19 |     4 |       |       ||    23
       Punch             |     3 |     1 |       |       ||     4
       Falchion          |       |    14 |       |       ||    14
 Cast: Beastly Appendage |    32 |    10 |       |       ||    42
       Spider Form       |     1 |    26 |    16 |       ||    43
       Hydra Form        |       |       |    30 |     6 ||    36
 Abil: End Transformatio |       |       |     6 |       ||     6
  Use: Potion            |       |     1 |     3 |       ||     4
 Stab: Sleeping          |     1 |     2 |       |       ||     3
Armor: Robe              |    24 |    16 |     3 |     1 ||    44
       Skin              |       |     7 |    75 |    10 ||    92
Dodge: Dodged            |    98 |   160 |   175 |    14 ||   447
Block: Other             |       |       |    43 |     9 ||    52
       Reflection        |       |       |     1 |     1 ||     2
       Rpst.: Falchion   |       |     4 |       |       ||     4

Table legend: (Time is in decaauts)
 A = Elapsed time spent in this place.
 B = Non-inter-level travel time spent in this place.
 C = Inter-level travel time spent in this place.
 D = Time resting spent in this place.
 E = Time spent auto-exploring this place.
 F = Levels seen in this place.
 G = Mean time per level.
                   A        B        C        D        E       F      G
               +--------+--------+--------+--------+--------+-----+--------+
         Total |  13371 |  13037 |    334 |   4531 |   6207 |   9 | 1485.7 |
       Dungeon |  13371 |  13037 |    334 |   4531 |   6207 |   9 | 1485.7 |
               +--------+--------+--------+--------+--------+-----+--------+

Top non-repeatable levels by time:
     D:5: 2564 daAuts
     D:4: 1778 daAuts
     D:7: 1500 daAuts
     D:2: 1467 daAuts
     D:8: 1392 daAuts
     D:1: 1368 daAuts
     D:6: 1331 daAuts
     D:3: 1279 daAuts
     D:9: 688 daAuts
